 Dungeon Crawl Stone Soup version 0.26.1-2-gb8aa6d0cf2 (webtiles) character file.

Game seed: 12565665450145824381

32 kilomeow the Grasshopper (level 3, 0/28 HPs)
             Began as a Barachi Warper on Feb 15, 2021.
             Slain by a scorpion (3 damage)
             ... on level 4 of the Dungeon.
             The game lasted 00:12:49 (1240 turns).

kilomeow the Grasshopper (Barachi Warper)           Turns: 1240, Time: 00:12:50

Health: 0/28       AC:  4    Str:  9 (12) XL:     3   Next: 27%
Magic:  6/6        EV: 12    Int: 10 (13) God:
Gold:   46         SH:  0    Dex: 10 (12) Spells: 4/6 levels left

rFire    . . .     SeeInvis .   a - +0 falchion
rCold    . . .     Faith    .   (no shield)
rNeg     . . .     Spirit   .   b - +0 leather armour
rPois    .         Reflect  .   (no helmet)
rElec    .         Harm     .   (no cloak)
rCorr    .         Rampage  .   n - +0 pair of gloves
Will     .....                  (no boots)
Stlth    +.........             (no amulet)
HPRegen  0.09/turn              (no ring)
MPRegen  0.10/turn              (no ring)

@: lethally poisoned (0 -> -3), can't hop, slow
A: +LOS, swims, slowness 1, strong legs 1
a: Hop


You were on level 4 of the Dungeon.
You visited 1 branch of the dungeon, and saw 3 of its levels.

You collected 46 gold pieces.

Inventory:

Hand Weapons
 a - a +0 falchion (weapon)
 h - a +2 whip of freezing
 l - a +0 hunting sling
Missiles
 c - 32 sling bullets
 e - a boomerang of dispersal (quivered)
 g - 43 arrows
 j - 22 stones
Armour
 b - a +0 leather armour (worn)
 n - a +0 pair of gloves (worn)
 p - a cursed +0 ring mail
Jewellery
 k - an uncursed ring of positive energy {unknown}
Scrolls
 d - a scroll of blinking
 m - a scroll of teleportation {unknown}
Potions
 f - a potion of curing {unknown}
 i - a potion of degeneration
 o - a potion of attraction {unknown}


   Skills:
 + Level 2.7 Fighting
 + Level 2.8 Long Blades
 * Level 0.3(1.0) Slings
 - Level 1.3 Throwing
 + Level 1.8 Armour
 + Level 2.4 Dodging
 + Level 0.8 Stealth
 - Level 2.1 Spellcasting
 + Level 3.4 Translocations


You had 4 spell levels left.
You knew the following spells:

 Your Spells              Type           Power        Failure   Level
a - Blink                 Tloc           N/A          16%         2

Your spell library contained the following spells:

 Spells                   Type           Power        Failure   Level
 Gell's Gravitas          Tloc           4%           30%         3
 Lesser Beckoning         Tloc           4%           30%         3
 Teleport Other           Tloc           8%           30%         3
 Passage of Golubria      Tloc           N/A          69%         4


Dungeon Overview and Level Annotations

Branches:
Dungeon (2/15)

Altars:


Innate Abilities, Weirdness & Mutations

You can be seen from farther away. (+LOS)
You can swim through water.
You cover ground slowly.
You can hop short distances.


Message History

You throw a boomerang of dispersal.
The boomerang of dispersal hits the scorpion.
The scorpion blinks!
The scorpion is moderately wounded.
It was a potion of degeneration.
There was something very wrong with that liquid.
You feel weakened.
You feel dopey.
You feel clumsy.
You feel sick.
Unknown command.
Unknown command.
Found 3 scrolls labelled ILUFEN KUAMM.
You feel sick.
You hit the scorpion.
The scorpion is moderately wounded.
The scorpion stings you!
* * * LOW HITPOINT WARNING * * *
You hit the scorpion but do no damage.
The scorpion is moderately wounded.
The scorpion stings you.
You die...

. #.# #.#.###.##
# #.........##
.# .....#.....##
#.#
#...........##.#
##.###......#?#
......!#..#
######.##s#.#
####@##.# #.#
#.. #.# ### #.#
#.# ###


You could see a scorpion.

Vanquished Creatures
  A gnoll (D:1)
  2 leopard geckos
  A giant cockroach (D:1)
  A hobgoblin (D:1)
  8 jackals
  A bat (D:1)
  A frilled lizard (D:1)
  3 kobolds (D:1)
18 creatures vanquished.

Notes
Turn   | Place    | Note
-------+----------+-------------------------------------------
     0 | D:1      | kilomeow the Barachi Warper began the quest for the Orb.
     0 | D:1      | Reached XP level 1. HP: 17/17 MP: 3/3
   122 | D:1      | Reached XP level 2. HP: 15/23 MP: 5/5
   987 | D:1      | Reached XP level 3. HP: 28/28 MP: 6/6
  1192 | D:2      | Learned a level 2 spell: Blink
  1218 | D:2      | You fall into a shaft and drop 2 floors!
  1219 | D:4      | Noticed a scorpion
  1240 | D:4      | Slain by a scorpion

Illustrated notes

Levels and vault maps discovered:
D:1:      wheals_arrival_shading, layout_loops_cross, minmay_crystal_room,
          minmay_liquid_box
D:2:      minmay_alternating_diamond, layout_basic, nzn_hepliaklqana_mist_gate,
          due_unseen_surprise, uniq_robin, uniq_terence
D:4:      layout_loops_ring, lemuel_doored_altar, general_overflow_altar,
          nicolae_tso_carved_into_rock, uniq_eustachio, uniq_duvessa

Action                   || total
-------------------------++-------
Melee: Falchion          ||    61
 Fire: Hunting sling     ||     7
Throw: Boomerang         ||     4
 Cast: Blink             ||     1
 Abil: Hop               ||     1
  Use: Potion            ||     1
Armor: Leather armour    ||    19
Dodge: Dodged            ||    41
       Rpst.: Falchion   ||    12
